 Dungeon Crawl Stone Soup version 0.25-a0-87-ga3d287bc14 (webtiles) character file.

Game seed: 588456583855746626, levelgen mode: deterministic

3559 Lanoc the Prestidigitator (level 9, -3/69 HPs)
             Began as a Demonspawn Artificer on Nov 10, 2019.
             Was a Follower of Makhleb.
             Slain by a troll (4 damage)
             ... on level 9 of the Dungeon.
             The game lasted 00:26:10 (10473 turns).

Lanoc the Prestidigitator (Demonspawn Artificer)   Turns: 10473, Time: 00:26:11

Health: -3/69      AC:  9    Str: 12    XL:     9   Next: 83%
Magic:  15/15      EV: 15    Int: 14    God:    Makhleb [*.....]
Gold:   315        SH:  6    Dex: 16    Spells: 8/8 levels left

rFire    . . .     SeeInvis .   u - +2 whip (elec)
rCold    . . .     Gourm    +   G - +1 buckler
rNeg     . . .     Faith    .   b - +0 leather armour
rPois    +         Spirit   .   (no helmet)
rElec    .         Reflect  .   h - scarf {repulsion}
rCorr    .         Harm     .   (no gloves)
MR       .....                  (no boots)
Stlth    ++++......             o - amulet of the gourmand
HPRegen  0.21/turn              w - ring of stealth
MPRegen  0.14/turn              e - ring of poison resistance

@: sanguine armour, repel missiles
A: nightstalker 1, sanguine armour 1
a: Renounce Religion


You were on level 9 of the Dungeon.
You worshipped Makhleb.
Makhleb was aware of your devotion.
You were completely stuffed.

You visited 2 branches of the dungeon, and saw 10 of its levels.
You also visited: Ossuary.

You collected 515 gold pieces.
You spent 200 gold pieces at shops.

Inventory:

Hand Weapons
 u - a +2 whip of electrocution (weapon)
Missiles
 q - 169 arrows
Armour
 b - a +0 leather armour (worn)
 c - a +0 chain mail
 h - a scarf of repulsion (worn)
 v - a scarf of resistance
 A - a +2 cloak
 G - a +1 buckler (worn)
 K - a +0 shield
Jewellery
 e - a ring of poison resistance (right hand)
 o - an amulet of the gourmand (around neck)
 w - a ring of stealth (left hand)
Wands
 i - a wand of flame (10)
 s - a wand of polymorph (6)
Scrolls
 g - 7 scrolls of remove curse
 j - 3 scrolls of teleportation
 k - 2 scrolls of enchant weapon
 l - 3 scrolls of blinking
 m - 2 scrolls of enchant armour
 n - a scroll of immolation
 p - 4 scrolls of magic mapping
 x - a scroll of identify
 y - a scroll of fog
Potions
 a - a potion of haste
 r - 2 potions of flight
 z - 2 potions of ambrosia
 B - 2 potions of might
 C - 2 potions of lignification
 D - a potion of magic {unknown}
 F - a potion of cancellation {unknown}
 J - a potion of agility {unknown}
Comestibles
 d - 2 chunks of flesh
 f - 10 rations


   Skills:
 + Level 6.1 Fighting
   Level 0.8 Short Blades
 + Level 5.3 Armour
 + Level 5.8 Dodging
 - Level 0.8 Stealth
 + Level 3.0 Shields
 * Level 9.2 Evocations


You had 8 spell levels left.
You didn't know any spells.
Your spell library contained the following spells:

 Spells                   Type           Power        Failure   Level  Hunger
 Beastly Appendage        Tmut           #.....       38%         1    ##.....
 Sting                    Conj/Pois      #...         38%         1    ##.....
 Poisonous Vapours        Pois/Air       #.....       52%         2    ###....
 Sticks to Snakes         Tmut           #.......     52%         2    ###....
 Mephitic Cloud           Conj/Pois/Air  #.......     77%         3    ####...
 Spider Form              Tmut/Pois      #.........   77%         3    ####...
 Ice Form                 Ice/Tmut       #.......     99%         4    #####..
 Olgreb's Toxic Radiance  Pois           #.......     99%         4    #####..
 Blade Hands              Tmut           #.........   100%        5    ######.
 Venom Bolt               Conj/Pois      #.........   100%        5    ######.


Dungeon Overview and Level Annotations

Branches:
Dungeon (9/15)             Temple (1/1) D:6            Lair (0/6) D:8
Ossuary (visited)
    Orc: D:9-12

Altars:
Ashenzari
Cheibriados
Dithmenos
Elyvilon
Fedhas
Gozag
Hepliaklqana
Kikubaaqudgha
Makhleb
Nemelex Xobeh
Okawaru
Qazlal
Ru
Sif Muna
Trog
Uskayaw
Vehumet
Wu Jian
Xom
Yredelemnul
Zin
The Shining One

Shops:
D:4 **   D:6 }[[*=


Innate Abilities, Weirdness & Mutations

You are slightly more attuned to the shadows.
When seriously injured, your bleeding wounds create armour. (AC +6)


Message History

You hit the troll.
The troll is almost dead.
Your blood armour dries and flakes away.
The troll bites you!
Your blood congeals into armour.
The troll claws you! x2
* * * LOW HITPOINT WARNING * * *
You barely miss the troll.
The troll is almost dead.
You hit the troll.
The troll is almost dead.
The troll bites you but does no damage. The troll closely misses you.
The troll claws you but does no damage.
You barely miss the troll.
The troll is almost dead.
You block the troll's attack. The troll misses you. x2
You barely miss the troll.
The troll is almost dead.
The troll bites you!
* * * LOW HITPOINT WARNING * * *
The troll closely misses you. The troll claws you.
You die...

#.# #...# #.# #...# ####.#
#...############
.....######...............
..........................
######..########...)......
#### #...#######
######...####
#.(..T@........
#((............
######.>....... #.........
#......... #.........
........


You could see a troll.

Vanquished Creatures
  2 hippogriffs
  A hungry ghost (D:5)
  A steam dragon (D:8)
  Edmund (D:4)
  An ice beast (D:5)
  A phantom (D:9)
  An orc warrior (D:7)
  A sky beast (D:8)
  3 ogres
  6 centaurs
  A big kobold (D:9)
  3 bullfrogs
  A gnoll sergeant (D:6)
  5 wights
  A crimson imp (D:6)
  A bullfrog zombie (D:8)
  A quasit (D:6)
  3 orc priests
  3 bullfrog skeletons
  7 hounds
  A jelly (D:6)
  3 orc wizards
  Jessica (D:5)
  An iguana (D:4)
  Natasha (D:2)
  8 worker ants
  2 big kobold zombies (Ossuary)
  8 mummies (Ossuary)
  3 hound skeletons
  3 gnolls
  A howler monkey skeleton (D:6)
  6 adders
  3 shadow imps
  2 oozes
  An adder zombie (D:4)
  3 adder skeletons
  5 worms
  A dart slug (D:3)
  9 leopard geckos
  16 orcs
  6 giant cockroaches
  2 gnoll zombies (Ossuary)
  A goblin (D:1)
  6 hobgoblins
  6 jackals
  14 kobolds
  3 quokkas
  A ball python (D:3)
  6 bats
  4 frilled lizards
  3 hobgoblin zombies (Ossuary)
  11 rats
  A bush (D:5)
186 creatures vanquished.

Vanquished Creatures (collateral kills)
  A big kobold (D:7)
  A wight (D:7)
  A worker ant zombie (D:6)
  3 gnolls
  A shadow imp (D:6)
  A kobold (D:7)
8 creatures vanquished.

Vanquished Creatures (others)
  An ogre (D:7)
  2 gnolls (D:2)
  An orc (D:4)
  A kobold zombie (Ossuary)
5 creatures vanquished.

Grand Total: 199 creatures vanquished

Notes
Turn   | Place    | Note
-------+----------+-------------------------------------------
     0 | D:1      | Lanoc the Demonspawn Artificer began the quest for the Orb.
     0 | D:1      | Reached XP level 1. HP: 15/15 MP: 3/3
   488 | D:1      | Gained mutation: You are slightly more attuned to the
                  | shadows. [demonic ancestry]
   488 | D:1      | Reached XP level 2. HP: 15/21 MP: 4/4
   930 | D:1      | You fall into a shaft and drop 1 floor!
  1197 | D:2      | Reached XP level 3. HP: 26/26 MP: 5/5
  1438 | D:2      | Reached skill level 1 in Armour
  1836 | D:2      | Noticed Natasha
  1846 | D:2      | Killed Natasha
  1846 | D:2      | Reached skill level 4 in Evocations
  1846 | D:2      | Reached XP level 4. HP: 9/33 MP: 5/7
  2610 | D:3      | Found an opulent altar of Gozag.
  3345 | D:3      | Reached XP level 5. HP: 32/38 MP: 8/8
  3755 | D:4      | Found Iwilash's General Store.
  3758 | D:4      | Bought a scroll of blinking for 75 gold pieces
  3758 | D:4      | Bought 2 scrolls of identify for 40 gold pieces
  4060 | D:4      | Noticed an ogre
  4069 | D:4      | Killed an ogre
  4069 | D:4      | Reached XP level 6. HP: 46/46 MP: 9/9
  4154 | D:4      | Reached skill level 5 in Evocations
  4194 | D:4      | Noticed Edmund
  4206 | D:4      | HP: 1/46 [shot self (14)]
  4210 | D:4      | Killed Edmund
  4222 | D:4      | Found Judwie's Lightly-Used Armoury.
  4929 | D:5      | Entered Level 5 of the Dungeon
  4941 | D:5      | Gained mutation: When seriously injured, your bleeding
                  | wounds create armour. (AC +6) [demonic ancestry]
  4941 | D:5      | Reached XP level 7. HP: 40/52 MP: 11/11
  4980 | D:5      | Noticed a hungry ghost
  4997 | D:5      | Killed a hungry ghost
  4997 | D:5      | Reached skill level 6 in Evocations
  5129 | D:5      | Found a sand-covered staircase.
  5136 | Ossuary  | Entered an ossuary
  5641 | Ossuary  | Reached XP level 8. HP: 60/60 MP: 12/12
  6108 | D:5      | Noticed Jessica
  6113 | D:5      | Killed Jessica
  6118 | D:5      | Found a shimmering blue altar of Sif Muna.
  6318 | D:6      | Found Ronytila's Gadget Shop.
  6342 | D:6      | Reached skill level 7 in Evocations
  6477 | D:6      | Found Kuijodoo's Jewellery Boutique.
  6510 | D:6      | Found Kuasmitaec's Assorted Antiques.
  6517 | D:6      | Bought a scroll labeled NAREJEFAGE for 31 gold pieces
  6517 | D:6      | Bought an inky potion for 27 gold pieces
  6517 | D:6      | Bought a cyan potion for 27 gold pieces
  6554 | D:6      | Found Niwkosamn's Antique Armour Emporium.
  6611 | D:6      | Found a staircase to the Ecumenical Temple.
  6621 | Temple   | Entered the Ecumenical Temple
  7511 | Temple   | Became a worshipper of Makhleb the Destroyer
  7786 | D:6      | Found Zorghuimm's Antique Armour Shop.
  7890 | D:7      | Reached skill level 5 in Fighting
  7896 | D:7      | Noticed a hippogriff
  7993 | D:7      | Killed a hippogriff
  8017 | D:7      | Reached skill level 1 in Shields
  8017 | D:7      | Reached skill level 8 in Evocations
  8212 | D:7      | Reached skill level 5 in Dodging
  8259 | D:7      | Reached XP level 9. HP: 21/68 MP: 15/15
  8870 | D:8      | Reached * piety under Makhleb
  9079 | D:8      | Found a staircase to the Lair.
  9480 | D:8      | Reached skill level 5 in Armour
  9742 | D:8      | Reached skill level 9 in Evocations
  9860 | D:8      | Found a white marble altar of Elyvilon.
 10461 | D:9      | Noticed a troll
 10473 | D:9      | HP: 1/69 [troll (12)]
 10473 | D:9      | Slain by a troll

Levels and vault maps discovered:
D:1:      psy_arrival_radial02, layout_loops_corners
D:2:      layout_loops_ring, uniq_natasha
D:3:      layout_basic, first_ration, grunt_gozag_statues
D:4:      layout_gridville, serial_shops, shop, minmay_shop_damaged,
          minmay_close_crescents, uniq_edmund
D:5:      layout_rooms, tgw_sif, chequers_ossuary_entry_cave, minmay_hedge_maze
D:6:      layout_basic, minmay_temple_entry_trees, serial_shops, shop, shop,
          shop, kennysheep_mini_moat, nicolae_shop_crystal
D:7:      layout_cave_pools, the_bakery, kennysheep_generic_room_7
D:8:      layout_basic, lair_entry_dummy, basic_altar
D:9:      layout_long_grid, trog_hazing_becter
Temple:   compressed_dpeg_triangle_lava_temple

Skill      XL: |  1  2  3  4  5  6  7  8  9 |
---------------+----------------------------+-----
Dodging        | 2 3 4 5 |  5.8
Armour         | 1 2 3 4 5 |  5.3
Evocations     | 4 5 6 8 9 |  9.2
Fighting       | 2 3 4 5 6 |  6.1
Shields        | 1 3 |  3.0
Short Blades   | |  0.8
Stealth        | |  0.8

Action                   |  1- 3 |  4- 6 |  7- 9 || total
-------------------------+-------+-------+-------++-------
Melee: Short sword       |    96 |    46 |       ||   142
       Whip              |       |   129 |   443 ||   572
Throw: Javelin           |       |    15 |     7 ||    22
       Dart              |       |     2 |    14 ||    16
Evoke: Wand              |    10 |    17 |    49 ||    76
  Use: Potion            |     1 |     2 |     3 ||     6
       Scroll            |       |     6 |     9 ||    15
 Stab: Sleeping          |    10 |    11 |    14 ||    35
       Distracted        |       |     1 |     2 ||     3
       Confused          |       |       |     2 ||     2
  Eat: Chunk             |     3 |    19 |    19 ||    41
Armor: Leather armour    |    24 |    32 |    69 ||   125
Dodge: Dodged            |    40 |   117 |   323 ||   480
       Deflected         |       |       |     5 ||     5
Block: Buckler           |       |       |    50 ||    50

Table legend:
 A = Non-vault XP
 B = Vault XP
 C = Vault XP percentage of total XP
 D = Non-vault monster count
 E = Vault monster count
 F = Vault count percentage of total count
                 A         B        C        D         E       F
            +---------+---------+-------+---------+---------+-------
      Total |    4623 |     462 |   9.1 |     174 |      19 |   9.8
            +---------+---------+-------+---------+---------+-------
        D:1 |      26 |       0 |   0.0 |      15 |       0 |   0.0
        D:2 |      72 |      35 |  32.7 |      23 |       1 |   4.2
        D:3 |      64 |       0 |   0.0 |      23 |       0 |   0.0
        D:4 |     318 |     198 |  38.4 |      23 |       2 |   8.0
        D:5 |     588 |      37 |   5.9 |      14 |       1 |   6.7
        D:6 |     825 |       0 |   0.0 |      25 |       0 |   0.0
        D:7 |     570 |       0 |   0.0 |      15 |       0 |   0.0
        D:8 |    1627 |       0 |   0.0 |      19 |       0 |   0.0
        D:9 |     533 |       0 |   0.0 |      17 |       0 |   0.0
    Ossuary |       0 |     192 | 100.0 |       0 |      15 | 100.0
            +---------+---------+-------+---------+---------+-------
